 Seeded DCSS version 0.29-a0-418-gc0181ea820 (webtiles) character file.

Game seed: 23 (custom seed)

222 Psyclone the Magician (level 5, 0/31 HPs)
             Began as an Octopode Ice Elementalist on May 17, 2022.
             Slain by a ball python (2 damage)
             ... while paralysed by Pikel
             ... on level 4 of the Dungeon.
             The game lasted 00:04:55 (4164 turns).

Psyclone the Magician (Octopode Ice Elementalist)   Turns: 4164, Time: 00:04:56

Health: 0/31       AC:  1    Str:  7    XL:     5   Next: 99%
Magic:  22/22      EV: -1    Int: 19    God:
Gold:   182        SH:  0    Dex: 13    Spells: 11/15 levels left

rFire   x . .      SeeInvis .   a - +2 dagger (venom)
rCold   + . .      Faith    .   (no shield)
rNeg    . . .      Spirit   .   (helmet restricted)
rPois   .          Reflect  .   (no amulet)
rElec   .          Harm     .   e - ring of ice
rCorr   .          Rampage  .   f - ring of willpower
Will    +....                   l - ring of magical power
Stlth   +++.......              (no ring)
HPRegen 0.10/turn               (no ring)
MPRegen 0.18/turn               (no ring)
                                (no ring)
                                (no ring)

@: paralysed, constricted
A: almost no armour, amphibious, 8 rings, camouflage 1, gelatinous body 1,
(nimble swimmer 1), tentacles
a: no special abilities


You were on level 4 of the Dungeon.
You visited 1 branch of the dungeon, and saw 5 of its levels.

You collected 182 gold pieces.

Inventory:

Hand Weapons
 a - a +2 dagger of venom (weapon)
Jewellery
 e - a ring of ice (left tentacle)
 f - a ring of willpower (right tentacle)
 l - a ring of magical power (on tentacle)
Wands
 i - a wand of polymorph (14)
 j - a wand of acid (5)
Scrolls
 c - 3 scrolls of teleportation {unknown}
 d - 5 scrolls of identify {unknown}
 g - 2 scrolls of fear {unknown}
 h - 2 scrolls of immolation {unknown}
Potions
 b - a potion of magic
 k - a potion of attraction {unknown}
 m - a potion of brilliance {unknown}
 n - a potion of might {unknown}


   Skills:
 - Level 2.0 Dodging
 - Level 2.6 Stealth
 + Level 5.5 Spellcasting
 - Level 4.0 Ice Magic


You had 11 spell levels left.
You knew the following spells:

 Your Spells              Type           Power      Damage    Failure   Level
a - Freeze                Ice            100%       1d11      2%          1
b - Frozen Ramparts       Ice            60%        1d8       7%          3

Your spell library contained the following spells:

 Spells                   Type           Power      Damage    Failure   Level
 Ozocubu's Armour         Ice            30%        N/A       7%          3
 Conjure Flame            Conj/Fire      5%         6-21      34%         3
 Gell's Gravitas          Tloc           5%         N/A       34%         3
 Ignite Poison            Fire/Tmut/Pois 5%         N/A       34%         3
 Lesser Beckoning         Tloc           5%         N/A       34%         3
 Teleport Other           Tloc           5%         N/A       34%         3
 Hailstorm                Conj/Ice       19%        3d6       45%         4
 Ice Form                 Ice/Tmut       19%        N/A       45%         4
 Summon Ice Beast         Ice/Summ       19%        N/A       45%         4
 Sticky Flame             Conj/Fire      5%         2d3       75%         4


Dungeon Overview and Level Annotations

Branches:
Dungeon (5/15)
 Temple: D:4-7

Altars:
Okawaru
Qazlal

Annotations:
D:4 Pikel


Innate Abilities, Weirdness & Mutations

You cannot wear most types of armour.
You are amphibious.
You can wear up to eight rings at the same time.
Your skin changes colour to match your surroundings (Stealth+).
Your rubbery body absorbs attacks. (AC +1, EV +1)
((You are camouflaged when in or above water. (Stealth+)))
You have tentacles for arms and can constrict up to eight enemies at once.


Message History

A ball python comes into view.
You see here a fuming purple potion.
m - a fuming purple potion
There is a stone staircase leading down here.
There is an escape hatch in the floor here.
Found 14 gold pieces.
Found a sapphire potion.
Found an Everburning Encyclopedia.
You now have 182 gold pieces (gained 14).
An endoplasm comes into view.
You see here a sapphire potion.
n - a sapphire potion The endoplasm quivers.
The endoplasm freezes you.
You are frozen.
You resist.
You take 1 damage, and have 30/31 hp.
You hit the endoplasm. You squeeze the endoplasm.
You kill the endoplasm!
Health restored: 31 You pick up an Everburning Encyclopedia and begin reading...
You add the spells Conjure Flame, Ignite Poison and Sticky Flame to your library.
A ball python is nearby!
A lemure comes into view.
A lemure comes into view.
The lemure shouts! x2; You hear a shout! x2
Pikel and 2 lemures come into view.
Pikel is wielding a +1 whip of flaming and carrying a wand of paralysis (9).
Pikel shouts!
The ball python hisses angrily.
The lemure shouts!
The ball python bites you. The ball python grabs you.
The ball python constricts you.
Pikel zaps a wand.
You suddenly lose the ability to move!
The ball python completely misses you. The ball python constricts you.
The lemure hits you but does no damage. The ball python bites you.
The ball python constricts you.
The ball python bites you but does no damage.
The ball python constricts you. The lemure hits you. The ball python bites you.
The ball python constricts you. The lemure hits you! x2
* * * LOW HITPOINT WARNING * * *
The ball python bites you.
You die...

... #..##...#.$. # ###
#.........# .# #..
#.##.#...### ##.# #.#
#..........###...### #.#
#.###..>#........... #.#
#.###......(........
#.#####..........5........
#..........#.#.#.S5.......
#.#####..###>...@5K.......
#.#...#..##.....#5........
#.#.#.#..##.###..#..######
#.#.#.#.###.# ##.#...#
#...#.#.###.####.#.....
#####.#.................
......#...#.#####.......
#####.#........# ...... #
#.#....#...#


You could see Pikel, 4 lemures and a ball python.

Vanquished Creatures
  A scorpion (D:4)
  An orc priest (D:3)
  3 adders
  3 dart slugs
  4 orcs (D:3)
  9 ball pythons
  6 endoplasms
  12 giant cockroaches
  10 goblins
  5 hobgoblins
  7 jackals
  2 quokkas
  7 bats
  5 frilled lizards
  9 kobolds
  4 rats
88 creatures vanquished.

Notes
Turn   | Place    | Note
-------+----------+-------------------------------------------
     0 | D:1      | Psyclone the Octopode Ice Elementalist began the quest for
                  | the Orb.
     0 | D:1      | Reached XP level 1. HP: 11/11 MP: 3/3
   478 | D:1      | Reached XP level 2. HP: 17/17 MP: 2/5
   784 | D:1      | Reached skill level 3 in Spellcasting
  1271 | D:1      | Reached XP level 3. HP: 21/21 MP: 7/7
  1275 | D:1      | Learned a level 3 spell: Frozen Ramparts
  2153 | D:2      | Reached skill level 4 in Spellcasting
  2153 | D:2      | Reached XP level 4. HP: 22/27 MP: 10/10
  2212 | D:2      | Found a faded altar of an unknown god.
  2960 | D:3      | Reached XP level 5. HP: 23/31 MP: 4/12
  3346 | D:3      | Reached skill level 5 in Spellcasting
  3747 | D:3      | Found a stormy altar of Qazlal.
  3748 | D:3      | Found an iron altar of Okawaru.
  3833 | D:4      | You fall into a shaft and drop 1 floor!
  3833 | D:5      | Entered Level 5 of the Dungeon
  4154 | D:4      | Noticed a lemure
  4155 | D:4      | Noticed a lemure
  4156 | D:4      | Noticed Pikel
  4156 | D:4      | Noticed a lemure
  4156 | D:4      | Noticed a lemure
  4160 | D:4      | Paralysed by Pikel for 5 turns
  4164 | D:4      | Slain by a ball python

Illustrated notes

Levels and vault maps discovered:
D:1:      dpeg_arrival_tiny_k, layout_loops_corners
D:2:      layout_basic, hellmonk_ecumenical_altar_zigzags, minmay_pentomino_s4
D:3:      minmay_roachtagon, layout_loops_ring, gammafunk_temple_overflow_pools,
          minmay_checkerbox
D:4:      layout_rooms, roderic_lattice_a, kennysheep_generic_room_16,
          uniq_pikel
D:5:      layout_rooms

Skill      XL: |  1  2  3  4  5 |
---------------+----------------+-----
Spellcasting   | 3 4 5 |  5.5
Dodging        | |  2.0
Stealth        | |  2.6
Ice Magic      | |  4.0

Action                   |  1- 3 |  4- 6 || total
-------------------------+-------+-------++-------
Melee: Unarmed           |     6 |       ||     6
       Constrict         |    11 |    14 ||    25
       Tentacles         |     8 |    12 ||    20
       Dagger            |    35 |    54 ||    89
 Cast: Freeze            |    32 |       ||    32
       Frozen Ramparts   |     1 |     5 ||     6
  Use: Potion            |     1 |       ||     1
 Stab: Sleeping          |     5 |    10 ||    15
Armor: Skin              |    10 |     4 ||    14
Dodge: Dodged            |    57 |    39 ||    96

Table legend: (Time is in decaauts)
 A = Elapsed time spent in this place.
 B = Non-inter-level travel time spent in this place.
 C = Inter-level travel time spent in this place.
 D = Time resting spent in this place.
 E = Time spent auto-exploring this place.
 F = Levels seen in this place.
 G = Mean time per level.
                   A        B        C        D        E       F      G
               +--------+--------+--------+--------+--------+-----+--------+
         Total |   4160 |   4044 |    116 |    439 |   3042 |   5 |  832.0 |
       Dungeon |   4160 |   4044 |    116 |    439 |   3042 |   5 |  832.0 |
               +--------+--------+--------+--------+--------+-----+--------+

Top non-repeatable levels by time:
     D:1: 1639 daAuts
     D:2: 1308 daAuts
     D:3: 882 daAuts
     D:4: 323 daAuts
     D:5: 6 daAuts
